 Dungeon Crawl Stone Soup version 0.31-a0-1-g4198be8af4 (webtiles) character file.

Game seed: 8822036221037629263

6995 bobo the Fighter (level 10, -3/83 HPs)
             Began as a Demonspawn Conjurer on May 1, 2023.
             Was a Priest of Lugonu.
             Slain by a minotaur
             ... wielding a +4 quarterstaff
              (22 damage)
             ... in a Gauntlet.
             The game lasted 00:36:42 (10168 turns).

bobo the Fighter (Demonspawn Conjurer)             Turns: 10168, Time: 00:36:42

Health: -3/83      AC:  9    Str: 11    XL:     10   Next: 82%
Magic:  19/19      EV: 14    Int: 21    God:    Lugonu [***...]
Gold:   542        SH:  9    Dex: 11    Spells: 11/21 levels left

rFire   + + .        w - +7 spear (venom)
rCold   + . .        h - +0 kite shield
rNeg    . . .        y - +1 swamp dragon scales
rPois   +            d - +0 helmet
rElec   .            a - scarf {rC+ rF+}
rCorr   .            (gloves unavailable)
SInv    .            (no boots)
Will    .....        M - amulet of regeneration
Stlth   +            p - +5 ring of evasion
HPRegen 1.13/turn    e - ring of protection from fire
MPRegen 0.16/turn

%: no teleportation
@: mighty, invisible
A: powered by pain 2, sturdy frame 1, demonic touch 3
a: Renounce Religion, Depart the Abyss, Banish


You were in a Gauntlet.
You worshipped Lugonu.
Lugonu was most pleased with you.
You visited 2 branches of the dungeon, and saw 9 of its levels.
You also visited: Gauntlet.

You collected 542 gold pieces.

Inventory:

Hand Weapons
 w - a +7 spear of venom (weapon)
Missiles
 x - a throwing net
Armour
 a - a scarf of resistance (worn)
 d - a +0 helmet (worn)
 h - a +0 kite shield (worn)
 y - +1 swamp dragon scales (worn)
Jewellery
 c - a ring of positive energy
 e - a ring of protection from fire (right hand)
 f - a ring of protection from fire
 p - a +5 ring of evasion (left hand)
 M - an amulet of regeneration (around neck)
Wands
 s - a wand of charming (10)
 E - a wand of mindburst (16)
 G - a wand of quicksilver (8)
Scrolls
 j - 2 scrolls of magic mapping
 k - 2 scrolls of silence
 l - a scroll of enchant weapon
 m - a scroll of vulnerability {unknown}
 n - a scroll of noise {unknown}
 o - a scroll of blinking {unknown}
 r - 3 scrolls of teleportation
 t - a scroll of fear
 v - 4 scrolls of fog
 B - a scroll of immolation {unknown}
 D - a scroll of amnesia {unknown}
 F - a scroll of summoning {unknown}
 L - a scroll of enchant armour {unknown}
Potions
 b - a potion of magic
 i - a potion of brilliance
 q - 3 potions of curing
 u - a potion of flight
 z - a potion of attraction
 A - a potion of resistance {unknown}
 C - a potion of lignification {unknown}
 H - a potion of cancellation {unknown}
 K - a potion of mutation {unknown}


   Skills:
 + Level 9.3 Fighting
 + Level 5.9 Polearms
 - Level 1.7 Dodging
 - Level 1.7 Stealth
 + Level 7.3 Shields
 - Level 6.2 Spellcasting
 - Level 6.2 Conjurations
 - Level 3.7 Hexes
 - Level 1.8 Invocations


You had 11 spell levels left.
You knew the following spells:

 Your Spells              Type           Power      Damage    Failure   Level
a - Magic Dart            Conj           100%       1d8       3%          1
d - Dazzling Flash        Conj/Hex       54%        N/A       19%         3
f - Fulminant Prism       Conj/Hex       13%        3d9       54%         4
s - Searing Ray           Conj           64%        2d6       6%          2

Your spell library contained the following spells:

 Spells                   Type           Power      Damage    Failure   Level
 Beastly Appendage        Tmut           12%        N/A       45%         1
 Wereblood                Tmut           6%         N/A       58%         2
 Iskenderun's Mystic Bla  Conj/Tloc      19%        2d6       80%         4
 Spider Form              Tmut/Pois      6%         N/A       83%         3
 Animate Dead             Necr           6%         N/A       99%         4
 Haunt                    Necr/Summ      3%         N/A       100%        7
 Infestation              Necr           3%         N/A       100%        8


Dungeon Overview and Level Annotations

Branches:
Dungeon (8/15)             Temple (0/1) D:6            Lair (1/5) D:8
Gauntlet (1/1)

Altars:
Ashenzari
Dithmenos
Hepliaklqana
Makhleb
Qazlal
Sif Muna
Lugonu

Shops:
D:4 ([

Annotations:
D:4 Blork the orc, Sigmund Gauntlet 7 transporters, 1 runed translucent door, exclusion: orange crystal statue


Innate Abilities, Weirdness & Mutations

You sometimes gain power by taking damage.
Your movements are slightly less encumbered by armour. (ER -2)
Your touch may irresistibly damage your foes and sap their willpower.


Message History

Confirm with . or Enter, or press ? or * to list all spells.
Casting: Dazzling Flash (dangerous; 19% risk of failure)
Press: ? - help, Dir - look around, f - activate The minotaur completely misses you.
The minotaur gores you but does no damage.
Casting: Dazzling Flash (dangerous; 19% risk of failure)
Confirm with . or Enter, or press ? or * to list all spells.
Casting: Dazzling Flash (dangerous; 19% risk of failure)
Press: ? - help, Dir - look around, f - activate The minotaur is dazzled.
The minotaur hits you but does no damage.
The minotaur gores you but does no damage.
You closely miss the minotaur. You block the minotaur's attack.
The minotaur gores you.
You hit the minotaur but do no damage.
The minotaur is poisoned.
You strike the helpless minotaur from behind!
You hit the minotaur but do no damage.
The minotaur looks as sick as possible!
The minotaur is lightly wounded.
The minotaur throws a javelin.
The javelin pierces through you!!
You barely miss the minotaur.
The minotaur is lightly wounded.
You block the minotaur's attack. x2
You catch the helpless minotaur completely off-guard!
You hit the minotaur.
The minotaur looks as sick as possible!
The minotaur is lightly wounded.
The minotaur is no longer blind.
The minotaur drinks a potion.
The minotaur is healed!
The minotaur looks more healthy.
Casting: Dazzling Flash (dangerous; 19% risk of failure)
Confirm with . or Enter, or press ? or * to list all spells.
Casting: Dazzling Flash (dangerous; 19% risk of failure)
Press: ? - help, Dir - look around, f - activate The minotaur hits you with a +4 quarterstaff!!
You focus on the pain.
You feel very mighty all of a sudden. The minotaur gores you!
* * * LOW HITPOINT WARNING * * *
You focus on the pain.
You feel your power returning.
You fade into invisibility!
The minotaur hits you with a +4 quarterstaff!!
You die...

#############
#...........#
#.#########.#
##.#.......#.##
#....#####.#..#
#.##.# #.##.# #.#..#
#..#.# #.#.## ##@#.#
#### #H#.# #.# ..#.#
#.###########.#
#.............#
#########.#########
##≈...............≈##
#≈≈..8©8©8©8©8©8..≈≈#
#≈...............≈#


You could see a minotaur (unable to see you).

Vanquished Creatures
  A two-headed ogre (D:8)
  A soul eater (Gauntlet)
  Pikel (D:7)
  Joseph (D:8)
  A cane toad (Lair:1)
  Maggie (D:7)
  An ice devil (Gauntlet)
  A komodo dragon (Lair:1)
  Prince Ribbit (D:7)
  A raiju (Gauntlet)
  A yak (D:7)
  A wyvern (D:7)
  2 steam dragons
  2 water moccasins
  3 ice beasts
  3 orc warriors (D:8)
  4 black bears
  An ogre (D:5)
  A lemure (D:7)
  A centaur (D:7)
  2 phantoms (D:5)
  A kobold brigand (D:8)
  A bullfrog (D:7)
  3 scorpions
  A gnoll sergeant (D:5)
  14 wights
  2 howler monkeys
  2 orc priests
  Crazy Yiuf (D:5)
  3 hounds
  A sleepcap (D:6)
  Jessica (D:3)
  An iguana (D:5)
  2 orc wizards
  3 gnolls (D:5)
  6 adders
  4 shadow imps
  5 white imps
  2 ufetubi (D:6)
  A worm (D:2)
  2 dart slugs
  34 orcs
  2 bats (D:1)
  6 endoplasms
  2 giant cockroaches (D:1)
  5 goblins
  5 hobgoblins
  5 quokkas
  6 ball pythons
  5 frilled lizards
  6 kobolds
  5 rats
168 creatures vanquished.

Vanquished Creatures (others)
  23 fulminant prisms
  10 fungi (D:8)
  15 plants
48 creatures vanquished.

Grand Total: 216 creatures vanquished

Notes
Turn   | Place    | Note
-------+----------+-------------------------------------------
     0 | D:1      | bobo the Demonspawn Conjurer began the quest for the Orb.
     0 | D:1      | Reached XP level 1. HP: 13/13 MP: 3/3
   322 | D:1      | Gained mutation: Your movements are slightly less
                  | encumbered by armour. (ER -2) [demonic ancestry]
   322 | D:1      | Reached XP level 2. HP: 20/20 MP: 3/5
   491 | D:1      | Reached skill level 1 in Fighting
   915 | D:1      | Found a faded altar of an unknown god.
   978 | D:1      | Prayed at the altar of an unknown god.
   978 | D:1      | Became a worshipper of Lugonu the Unformed
   978 | D:1      | Reached * piety under Lugonu
  1367 | D:2      | Gained mutation: Your touch may inflict minor irresistible
                  | damage on your foes. [demonic ancestry]
  1367 | D:2      | Reached XP level 3. HP: 26/26 MP: 3/6
  1410 | D:2      | Learned a level 2 spell: Searing Ray
  1428 | D:2      | Found a shimmering blue altar of Sif Muna.
  1540 | D:2      | You fall into a shaft and drop 2 floors!
  1548 | D:4      | Noticed Blork the orc
  1567 | D:4      | Found Maojuedgh's Antique Weapon Shop.
  1685 | D:2      | Reached skill level 1 in Invocations
  2032 | D:2      | Gained mutation: Your touch may inflict irresistible damage
                  | on your foes. [demonic ancestry]
  2032 | D:2      | Reached XP level 4. HP: 33/33 MP: 4/8
  2415 | D:3      | Noticed Jessica
  2419 | D:3      | Killed Jessica
  2420 | D:3      | Reached skill level 2 in Fighting
  2620 | D:3      | Learned a level 4 spell: Fulminant Prism
  2789 | D:4      | Noticed a black bear
  2791 | D:4      | Noticed Sigmund
  2943 | D:4      | Reached ** piety under Lugonu
  3068 | D:4      | Found a burning altar of Makhleb.
  3149 | D:4      | Found a stormy altar of Qazlal.
  3283 | D:4      | Found Muvvosch's Antique Armour Emporium.
  3391 | D:4      | Noticed a scorpion
  3640 | D:5      | Entered Level 5 of the Dungeon
  3645 | D:5      | Gained mutation: Your touch may irresistibly damage your
                  | foes and sap their willpower. [demonic ancestry]
  3645 | D:5      | Reached XP level 5. HP: 38/38 MP: 3/9
  3724 | D:5      | Reached skill level 1 in Hexes
  3766 | D:5      | Noticed a phantom
  3792 | D:5      | Killed a phantom
  3793 | D:5      | Reached skill level 5 in Conjurations
  3793 | D:5      | Gained mutation: You sometimes gain a little power by
                  | taking damage. [demonic ancestry]
  3793 | D:5      | Reached XP level 6. HP: 7/46 MP: 1/11
  4056 | D:5      | Reached skill level 3 in Fighting
  4262 | D:5      | Found a shadowy altar of Dithmenos.
  4453 | D:5      | Found a runed translucent door.
  4454 | D:5      | Noticed Crazy Yiuf
  4565 | D:5      | Gained mutation: You sometimes gain power by taking damage.
                  | [demonic ancestry]
  4565 | D:5      | Reached XP level 7. HP: 21/53 MP: 9/13
  5000 | D:5      | Killed Crazy Yiuf
  5082 | D:6      | Reached skill level 4 in Fighting
  5234 | D:6      | Reached XP level 8. HP: 39/61 MP: 1/14
  5353 | D:6      | Identified the +1 spear of the Stork {spect, Int+3}
  5635 | D:6      | Reached skill level 1 in Shields
  5702 | D:6      | Found a staircase to the Ecumenical Temple.
  5722 | D:6      | Reached skill level 5 in Spellcasting
  5815 | D:6      | Reached skill level 5 in Fighting
  6057 | D:7      | Learned a level 3 spell: Dazzling Flash
  6705 | D:7      | Found a hazy altar of Hepliaklqana.
  6853 | D:7      | Noticed Maggie
  6892 | D:7      | Killed Maggie
  6893 | D:7      | Reached skill level 6 in Fighting
  7326 | D:7      | Reached XP level 9. HP: 52/69 MP: 12/18
  7413 | D:8      | Found a broken altar of Ashenzari.
  7546 | D:8      | Noticed Prince Ribbit
  7576 | D:7      | Reached skill level 1 in Polearms
  7831 | D:7      | Killed Prince Ribbit
  7832 | D:7      | Reached skill level 7 in Fighting
  7899 | D:8      | Reached *** piety under Lugonu
  8019 | D:8      | Reached skill level 5 in Shields
  8451 | D:8      | Found a staircase to the Lair.
  8463 | D:8      | Reached XP level 10. HP: 73/80 MP: 7/19
  8542 | D:8      | Noticed a two-headed ogre
  8564 | D:8      | Killed a two-headed ogre
  8565 | D:8      | Reached skill level 8 in Fighting
  8717 | D:8      | Noticed Joseph
  8737 | D:8      | Killed Joseph
  9008 | D:8      | Noticed Pikel
  9125 | D:7      | Killed Pikel
  9356 | Lair:1   | Entered Level 1 of the Lair of Beasts
  9371 | Lair:1   | Reached skill level 5 in Polearms
  9553 | Lair:1   | Noticed a cane toad
  9587 | Lair:1   | Killed a cane toad
  9633 | Lair:1   | Noticed a cane toad
  9639 | Lair:1   | Found a gate leading to a gauntlet.
  9643 | Gauntlet | Entered a Gauntlet
  9643 | Gauntlet | Found a transporter.
  9740 | Gauntlet | Found a transporter.
  9743 | Gauntlet | Found a transporter.
  9744 | Gauntlet | Found a transporter.
  9752 | Gauntlet | Found a transporter.
  9755 | Gauntlet | Found a transporter.
  9756 | Gauntlet | Found a transporter.
  9760 | Gauntlet | Noticed a soul eater
  9764 | Gauntlet | Found a runed translucent gate.
  9765 | Gauntlet | Found a runed translucent gate.
  9766 | Gauntlet | Found a transporter.
  9769 | Gauntlet | Found a transporter.
  9770 | Gauntlet | Found a transporter.
  9778 | Gauntlet | Found a transporter.
  9778 | Gauntlet | Found a runed translucent gate.
  9781 | Gauntlet | Found a transporter.
  9782 | Gauntlet | Found a transporter.
  9789 | Gauntlet | Found a runed translucent door.
  9792 | Gauntlet | Found a transporter.
  9805 | Gauntlet | Noticed an orange crystal statue
  9931 | Gauntlet | Reached skill level 9 in Fighting
 10051 | Gauntlet | Killed a soul eater
 10158 | Gauntlet | Noticed a minotaur
 10168 | Gauntlet | Slain by a minotaur

Illustrated notes

Levels and vault maps discovered:
D:1:      nzn_arrival_crosshair, layout_loops_ring,
          shapermc_ecumenical_altar_mp_highgroup, minmay_misc_feat_room
D:2:      cheibrodos_old_hovel, layout_loops_cross, basic_altar, hex_medium
D:3:      layout_rooms, kennysheep_big_empty_room, st_stairs_6, uniq_jessica
D:4:      layout_loops_cross, mainiacjoe_overflow_catch_the_wave, serial_shops,
          nicolae_take_the_stairs, shop, minmay_cupped, uniq_sigmund,
          uniq_blork_the_orc
D:5:      layout_basic, nicolae_overflow_crystal_walls, minmay_holes,
          uniq_crazy_yiuf_cottage
D:6:      layout_rooms, minmay_temple_entry_gardened_gates, due_unseen_surprise
D:7:      layout_rooms, worldfamousw_hep_ancestral_shrine, uniq_maggie
D:8:      layout_rooms, nicolae_ashenzari_skybound,
          grunt_lair_entry_orc_guard_hut, special_room [special_room_orc],
          wad_floor_pattern_untrapped, uniq_joseph, uniq_prince_ribbit1,
          uniq_pikel
Lair:1:   layout_regular_city, gauntlet_entry_generic, serial_bayou_lagoon_a,
          serial_bayou_shore_b, infiniplex_staircase_pool
Gauntlet: gammafunk_gauntlet_77_escape_option [minmay_gauntlet_arena_77_mirror,
          minmay_gauntlet_arena_77_broken_ladder,
          minmay_gauntlet_arena_77_run_for_it,
          minmay_gauntlet_arena_77_tiled_triplets,
          minmay_gauntlet_arena_77_path, dreamdust_gauntlet_exit_labyrinth]

Skill      XL: |  1  2  3  4  5  6  7  8  9 10 |
---------------+-------------------------------+-----
Fighting       | 1 2 3 4 6 7 9 |  9.3
Invocations    | 1 |  1.8
Spellcasting   | 3 4 6 |  6.2
Hexes          | 1 2 3 |  3.7
Conjurations   | 5 6 |  6.2
Shields        | 3 5 7 |  7.3
Polearms       | 3 5 |  5.9
Dodging        | |  1.7
Stealth        | |  1.7

Action                     |  1- 3 |  4- 6 |  7- 9 | 10-12 || total
---------------------------+-------+-------+-------+-------++-------
  Melee: Unarmed           |     3 |       |       |       ||     3
         Short sword       |     7 |       |       |       ||     7
         Touch             |     1 |     3 |    10 |     3 ||    17
         Staff             |       |    24 |       |       ||    24
         Punch             |       |     1 |     3 |     1 ||     5
         Spear             |       |     1 |   146 |   112 ||   259
   Cast: Magic Dart        |    65 |    37 |    24 |     1 ||   127
         Searing Ray       |     5 |    26 |    22 |       ||    53
         Fulminant Prism   |       |       |    18 |     5 ||    23
         Dazzling Flash    |       |       |    23 |    24 ||    47
    Use: Scroll            |     2 |     4 |     7 |     2 ||    15
         Potion            |       |     1 |     1 |     3 ||     5
   Stab: Sleeping          |       |       |     1 |       ||     1
         Invisible         |       |       |     3 |     5 ||     8
 Armour: Robe              |     2 |       |       |       ||     2
         Leather armour    |       |    12 |    19 |       ||    31
         Swamp dragon scal |       |       |    68 |    27 ||    95
  Dodge: Dodged            |     6 |    25 |   136 |    65 ||   232
  Block: Kite shield       |       |       |    43 |    45 ||    88

Table legend: (Time is in decaauts)
 A = Elapsed time spent in this place.
 B = Non-inter-level travel time spent in this place.
 C = Inter-level travel time spent in this place.
 D = Time resting spent in this place.
 E = Time spent auto-exploring this place.
 F = Levels seen in this place.
 G = Mean time per level.
                   A        B        C        D        E       F      G
               +--------+--------+--------+--------+--------+-----+--------+
         Total |  10219 |   9780 |    439 |   1021 |   6955 |  10 | 1021.9 |
       Dungeon |   9406 |   8967 |    439 |    825 |   6664 |   8 | 1175.8 |
          Lair |    292 |    292 |      0 |     16 |    176 |   1 |  292.0 |
      Gauntlet |    520 |    520 |      0 |    180 |    115 |   1 |  520.0 |
               +--------+--------+--------+--------+--------+-----+--------+

Top non-repeatable levels by time:
     D:7: 1734 daAuts
     D:5: 1436 daAuts
     D:8: 1363 daAuts
     D:6: 1228 daAuts
     D:1: 1130 daAuts
     D:2: 1044 daAuts
     D:4: 809 daAuts
     D:3: 661 daAuts
Gauntlet: 520 daAuts
  Lair:1: 292 daAuts
